 Dungeon Sprint DCSS version 0.17-a0-1923-gc35365e (webtiles) character file.

12585 Kidiri the Unseen (level 11, -1/47 HPs)
             Began as a Spriggan Enchanter on Sept 28, 2015.
             Was the Champion of Dithmenos.
             Engulfed by a cloud of flame (26 damage)
             ... in the Dungeon (Sprint III: "The Ten Rune Challenge").
             The game lasted 00:10:02 (2613 turns).

Kidiri the Unseen (Spriggan Enchanter)              Turns: 2613, Time: 00:10:02

Health: -1/47      AC:  3    Str:  2    XL:     11   Next: 64%
Magic:  30/30      EV: 32    Int: 17    God:    Dithmenos [******]
Gold:   31         SH:  7    Dex: 18    Spells: 5 memorised, 26 levels left

rFire  . . .     SeeInvis +     a - +1 dagger
rCold  . . .     Clarity  +     b - +1 robe
rNeg   . . .     SustAt   .     c - +0 buckler
rPois  .         Gourm    .     (helmet restricted)
rElec  .         Spirit   .     (no cloak)
rCorr  .         Warding  .     (gloves unavailable)
rMut   .         NoTele   +     (boots unavailable)
MR     +....                    (no amulet)
Stlth  ++++++++..               (no ring)
                                (no ring)

@: wreathed by umbra, very quick, somewhat resistant to hostile enchantments,
extraordinarily stealthy
A: unfitting armour, see invisible, breathe flames 1, clarity, dopey 1,
herbivore 3, speed 3, slow metabolism 2, weak 1, MP-powered wands
a: Shadow Step, Shadow Form, Renounce Religion, Breathe Fire


You were in the Dungeon.
You worshipped Dithmenos.
Dithmenos was exalted by your worship.
You were full.

You visited 1 branch You collected 31 gold pieces.

Inventory:

Hand weapons
 a - a +1 dagger (weapon)
Armour
 b - a +1 robe (worn)
 c - a +0 buckler (worn)
Magical devices
 i - a wand of polymorph (11)
Scrolls
 j - a scroll of blinking
 l - a scroll of torment
 n - a scroll of remove curse {unknown}
 p - a scroll of enchant armour {unknown}
Potions
 e - a potion of curing
 f - a potion of heal wounds
 g - a potion of haste
 o - 2 potions of flight
Comestibles
 d - 2 bread rations
 h - 6 fruits
 q - 31 royal jellies


   Skills:
 * Level 13.0 Short Blades
 + Level 6.3 Armour
 * Level 16.1 Dodging
 * Level 17.7 Stealth
 + Level 5.0 Shields
 * Level 14.1 Spellcasting
 + Level 6.1 Conjurations
 + Level 10.3 Hexes
 + Level 6.8 Ice Magic
 - Level 2.3 Invocations


You had 26 spell levels left.
You knew the following spells:

 Your Spells              Type           Power        Failure   Level  Hunger
a - Corona                Hex            #####..      1%          1    None
b - Ensorcelled Hibernat  Hex/Ice        #####.       1%          2    None
c - Confuse               Hex            #####...     1%          3    None
d - Tukima's Dance        Hex            #####...     1%          3    None
e - Dazzling Spray        Conj/Hex       #####...     1%          3    None


Dungeon Overview and Level Annotations

Branches:
Dungeon (1/1)

Altars:
Cheibriados
Dithmenos
Elyvilon
Fedhas
Gozag
Kikubaaqudgha
Makhleb
Nemelex Xobeh
Okawaru
Qazlal
Ru
Sif Muna
Trog
Vehumet
Xom
Yredelemnul
Zin
The Shining One
Jiyva
Lugonu

Shops:
D !:(


Innate Abilities, Weirdness & Mutations

You are tiny and cannot use many weapons and most armour.
You have supernaturally acute eyesight.
You are a herbivore.
You cover ground extremely quickly.
You need consume almost no food.
You can breathe flames.
You possess an exceptional clarity of mind.
You are dopey. (Int -2)
You are weak. (Str -2)
You expend magic power (3 MP) to strengthen your wands.


Message History

Your Short Blades skill increases to level 13!
Your Shields skill increases to level 5!
Your Spellcasting skill increases to level 14!
You see here a fire dragon corpse.
You butcher the fire dragon corpse.
You see here 8 chunks of flesh.
k - 8 chunks of flesh Drop what? 16/52 slots (_ for help) (? for menu, Esc to quit)
You drop 8 chunks of flesh.
Unknown command.
Search for what [? for help]? rF+ Unknown command.
Found Wiev's Antique Weapon Shoppe.
Really walk into a travel-excluded area?
You enter the shallow water.
Moving in this stuff is going to be slow.
You are engulfed in roaring flames.
You are engulfed in roaring flames.
Ouch! That really hurt!
You die...

♣.♣♣ ♣.♣♣
♣..♣ ♣♣.♣♣ ♣
♣♣.♣ .♣
♣♣.≈♣♣♣♣♣♣.♣
♣.≈...§§§§.♣
♣≈%.≈≈§§§§.♣
♣.♣≈≈≈§@§..♣
♣♣♣♣♣♣♣♣∩§∩♣
♣♣♣♣


There were no monsters in sight!

Vanquished Creatures
  Maud (D)
  2 fire dragons (D)
  A centaur warrior (D)
  2 hydras (D)
  Erica (D)
  A death drake (D)
  A spriggan druid (D)
  An unseen horror (D)
  A lindwurm (D)
  2 spiny frogs (D)
  A komodo dragon (D)
  A queen bee (D)
  3 wandering mushrooms (D)
  A deep elf priest (D)
  A shadow (D)
  3 redbacks (D)
  2 spriggans (D)
  A spatial vortex (D)
  A necrophage (D)
  2 centaurs (D)
  An earth elemental (D)
  2 brain worms (D)
  A water elemental (D)
  A scorpion (D)
  32 killer bees (D)
  An electric eel (D)
  A wizard (D)
  A jelly (D)
  A necromancer (D)
  A kobold demonologist (D)
  3 humans (D)
  2 oozes (D)
  2 rats (D)
78 creatures vanquished.

Vanquished Creatures (others)
  2 draconian scorchers (D)
  3 yaktaurs (D)
  2 fire drakes (D)
  2 plants (D)
9 creatures vanquished.

Grand Total: 87 creatures vanquished

Notes
Turn   | Place    | Note
--------------------------------------------------------------
     0 | D        | Kidiri the Spriggan Enchanter began the quest for the Orb.
     0 | D        | Reached XP level 1. HP: 9/9 MP: 5/5
     9 | D        | Reached skill level 5 in Stealth
    11 | D        | Reached XP level 2. HP: 13/13 MP: 7/7
    15 | D        | Learned a level 2 spell: Ensorcelled Hibernation
    50 | D        | Noticed a scorpion
    53 | D        | Killed a scorpion
    53 | D        | Reached skill level 1 in Armour
    53 | D        | Reached skill level 5 in Dodging
    53 | D        | Reached skill level 6 in Stealth
    53 | D        | Reached skill level 1 in Ice Magic
    53 | D        | Reached XP level 3. HP: 16/16 MP: 7/9
    87 | D        | Killed a yaktaur
    96 | D        | Learned a level 3 spell: Confuse
   101 | D        | Learned a level 3 spell: Tukima's Dance
   110 | D        | Reached skill level 7 in Stealth
   110 | D        | Reached XP level 4. HP: 21/21 MP: 5/11
   117 | D        | Learned a level 3 spell: Dazzling Spray
   166 | D        | Killed a fire drake
   245 | D        | Killed a white draconian scorcher
   257 | D        | Killed a white draconian scorcher
   260 | D        | Gained mutation: You are weak. (Str -2) [potion of mutation]
   260 | D        | Gained mutation: You expend magic power (3 MP) to strengthen your wands. [potion of mutation]
   260 | D        | Gained mutation: You are agile. (Dex +2) [potion of mutation]
   261 | D        | Lost mutation: You are agile. (Dex +2) [potion of mutation]
   262 | D        | Gained mutation: You can breathe flames. [potion of mutation]
   262 | D        | Gained mutation: You are dopey. (Int -2) [potion of mutation]
   263 | D        | Gained mutation: You possess an exceptional clarity of mind. [potion of mutation]
   273 | D        | Noticed a water elemental
   276 | D        | Killed a water elemental
   276 | D        | Reached skill level 8 in Stealth
   276 | D        | Reached skill level 5 in Spellcasting
   276 | D        | Reached skill level 1 in Conjurations
   276 | D        | Reached skill level 5 in Hexes
   276 | D        | Reached XP level 5. HP: 24/24 MP: 12/14
   285 | D        | Noticed a jelly
   286 | D        | Noticed a shadow
   326 | D        | Killed a shadow
   326 | D        | Reached skill level 5 in Short Blades
   326 | D        | Reached skill level 9 in Stealth
   326 | D        | Reached XP level 6. HP: 2/28 MP: 1/16
   409 | D        | Killed a fire drake
   622 | D        | Killed a jelly
   626 | D        | Found a stormy altar of Qazlal.
   627 | D        | Found a sacrificial altar of Ru.
   627 | D        | Found a burning altar of Makhleb.
   627 | D        | Found a viscous altar of Jiyva.
   627 | D        | Found a shimmering altar of Xom.
   627 | D        | Found a shadowy altar of Dithmenos.
   627 | D        | Found a sparkling altar of Nemelex Xobeh.
   627 | D        | Found a corrupted altar of Lugonu.
   627 | D        | Found an opulent altar of Gozag.
   627 | D        | Noticed a spatial vortex
   631 | D        | Became a worshipper of Dithmenos the Shadowed
   643 | D        | Killed a spatial vortex
   643 | D        | Reached skill level 10 in Stealth
   643 | D        | Reached skill level 1 in Invocations
   763 | D        | Found a radiant altar of Vehumet.
   764 | D        | Found a deep blue altar of Sif Muna.
   764 | D        | Found an ancient bone altar of Kikubaaqudgha.
   764 | D        | Noticed a wizard
   772 | D        | Noticed a soul eater
   779 | D        | Killed a wizard
   847 | D        | Found a glowing silver altar of Zin.
   848 | D        | Found a glowing golden altar of the Shining One.
   848 | D        | Found a white marble altar of Elyvilon.
   848 | D        | Noticed a deep elf priest
   850 | D        | Killed a deep elf priest
   850 | D        | Reached skill level 11 in Stealth
   850 | D        | Reached XP level 7. HP: 32/32 MP: 17/19
   864 | D        | Found an iron altar of Okawaru.
   865 | D        | Found a bloodstained altar of Trog.
   865 | D        | Noticed a human
   865 | D        | Noticed a human
   875 | D        | Killed a human
   875 | D        | Reached skill level 10 in Dodging
   888 | D        | Killed a human
   985 | D        | Found a basalt altar of Yredelemnul.
   985 | D        | Found a snail-covered altar of Cheibriados.
   985 | D        | Found a blossoming altar of Fedhas.
   985 | D        | Noticed a necrophage
   985 | D        | Noticed a necromancer
   987 | D        | Killed a necrophage
   987 | D        | Acquired Dithmenos's first power
   987 | D        | Reached XP level 8. HP: 36/36 MP: 21/21
   988 | D        | Killed a necromancer
  1009 | D        | Noticed Erica
  1012 | D        | Killed Erica
  1012 | D        | Reached skill level 12 in Stealth
  1012 | D        | Reached skill level 1 in Shields
  1017 | D        | Noticed an earth elemental
  1138 | D        | Killed an earth elemental
  1319 | D        | Noticed a centaur
  1319 | D        | Noticed a centaur warrior
  1319 | D        | Noticed a centaur
  1321 | D        | Killed a centaur
  1321 | D        | Reached skill level 13 in Stealth
  1321 | D        | Reached skill level 10 in Spellcasting
  1329 | D        | Killed a centaur
  1329 | D        | Acquired Dithmenos's second power
  1329 | D        | Reached XP level 9. HP: 34/39 MP: 17/24
  1333 | D        | Killed a centaur warrior
  1467 | D        | Noticed an unseen horror
  1469 | D        | Killed an unseen horror
  1469 | D        | Reached skill level 10 in Short Blades
  1469 | D        | Reached skill level 14 in Stealth
  1469 | D        | Reached skill level 5 in Ice Magic
  1522 | D        | Noticed a killer bee
  1522 | D        | Noticed a killer bee
  1522 | D        | Noticed a killer bee
  1522 | D        | Noticed a queen bee
  1522 | D        | Noticed a killer bee
  1522 | D        | Noticed a killer bee
  1522 | D        | Noticed a killer bee
  1522 | D        | Noticed a killer bee
  1522 | D        | Noticed a killer bee
  1522 | D        | Noticed a killer bee
  1522 | D        | Noticed a killer bee
  1522 | D        | Noticed a killer bee
  1522 | D        | Noticed a killer bee
  1522 | D        | Noticed a killer bee
  1522 | D        | Noticed a killer bee
  1523 | D        | Noticed a killer bee
  1523 | D        | Noticed a killer bee
  1523 | D        | Noticed a killer bee
  1523 | D        | Noticed a killer bee
  1523 | D        | Noticed a killer bee
  1523 | D        | Noticed a killer bee
  1523 | D        | Noticed a killer bee
  1523 | D        | Noticed a killer bee
  1523 | D        | Noticed a killer bee
  1523 | D        | Noticed a killer bee
  1523 | D        | Noticed a killer bee
  1523 | D        | Noticed a killer bee
  1523 | D        | Noticed a killer bee
  1523 | D        | Noticed a killer bee
  1523 | D        | Noticed a killer bee
  1523 | D        | Noticed a killer bee
  1523 | D        | Noticed a killer bee
  1523 | D        | Noticed a killer bee
  1526 | D        | Killed a killer bee
  1534 | D        | Killed a killer bee
  1538 | D        | Killed a killer bee
  1538 | D        | Acquired Dithmenos's third power
  1542 | D        | Killed a killer bee
  1544 | D        | Killed a killer bee
  1546 | D        | Killed a killer bee
  1550 | D        | Killed a killer bee
  1648 | D        | Killed a yaktaur
  1662 | D        | Killed a yaktaur
  1809 | D        | Killed a killer bee
  1811 | D        | Killed a killer bee
  1817 | D        | Killed a killer bee
  1819 | D        | Killed a killer bee
  1819 | D        | Acquired Dithmenos's fourth power
  1821 | D        | Killed a killer bee
  1823 | D        | Killed a killer bee
  1825 | D        | Killed a killer bee
  1829 | D        | Killed a killer bee
  1833 | D        | Killed a killer bee
  1967 | D        | Killed a killer bee
  1967 | D        | Reached XP level 10. HP: 44/44 MP: 23/26
  1972 | D        | Killed a killer bee
  1974 | D        | Killed a killer bee
  1978 | D        | Killed a killer bee
  1980 | D        | Killed a killer bee
  1982 | D        | Killed a killer bee
  1986 | D        | Killed a killer bee
  1988 | D        | Killed a killer bee
  1992 | D        | Killed a killer bee
  1994 | D        | Killed a killer bee
  1994 | D        | Reached skill level 5 in Armour
  2016 | D        | Killed a killer bee
  2152 | D        | Killed a killer bee
  2152 | D        | Reached skill level 15 in Stealth
  2164 | D        | Killed a killer bee
  2165 | D        | Killed a killer bee
  2167 | D        | Killed a killer bee
  2194 | D        | Killed a queen bee
  2197 | D        | Killed a killer bee
  2400 | D        | Noticed a wandering mushroom
  2401 | D        | Noticed a wandering mushroom
  2401 | D        | Noticed a wandering mushroom
  2403 | D        | Killed a wandering mushroom
  2403 | D        | Reached skill level 5 in Conjurations
  2405 | D        | Killed a wandering mushroom
  2406 | D        | Killed a wandering mushroom
  2450 | D        | Noticed a spiny frog
  2450 | D        | Noticed a komodo dragon
  2450 | D        | Noticed a spiny frog
  2454 | D        | Killed a spiny frog
  2456 | D        | Killed a spiny frog
  2457 | D        | Killed a komodo dragon
  2465 | D        | Noticed a redback
  2467 | D        | Killed a redback
  2468 | D        | Noticed a brain worm
  2471 | D        | Killed a brain worm
  2477 | D        | Noticed a brain worm
  2480 | D        | Killed a brain worm
  2480 | D        | Reached skill level 16 in Stealth
  2483 | D        | Noticed a lindwurm
  2485 | D        | Noticed a redback
  2486 | D        | Killed a lindwurm
  2488 | D        | Killed a redback
  2494 | D        | Noticed a redback
  2495 | D        | Killed a redback
  2496 | D        | Noticed Maud
  2498 | D        | Killed Maud
  2498 | D        | Reached skill level 15 in Dodging
  2498 | D        | Reached XP level 11. HP: 47/47 MP: 27/29
  2505 | D        | Noticed an electric eel
  2506 | D        | Noticed a four-headed hydra
  2506 | D        | Noticed a four-headed hydra
  2508 | D        | Killed an electric eel
  2510 | D        | Killed a four-headed hydra
  2511 | D        | Killed a four-headed hydra
  2511 | D        | Reached skill level 17 in Stealth
  2511 | D        | Reached skill level 10 in Hexes
  2553 | D        | Noticed a death drake
  2556 | D        | Killed a death drake
  2563 | D        | Found a blossoming altar of Fedhas.
  2563 | D        | Noticed a spriggan
  2563 | D        | Noticed a spriggan druid
  2563 | D        | Noticed a spriggan
  2565 | D        | Killed a spriggan druid
  2566 | D        | Killed a spriggan
  2567 | D        | Killed a spriggan
  2593 | D        | Noticed a fire dragon
  2596 | D        | Killed a fire dragon
  2601 | D        | Noticed a fire dragon
  2602 | D        | Found Uryve's Distillery.
  2602 | D        | Found Zajecsigh's Book Shop.
  2604 | D        | Killed a fire dragon
  2604 | D        | Reached skill level 5 in Shields
  2609 | D        | Found Wiev's Antique Weapon Shoppe.
  2613 | D        | Engulfed by a cloud of flame

Vault maps used:
D:        dungeon_sprint_mu

Action                   |  1- 3 |  4- 6 |  7- 9 | 10-12 || total
-------------------------+-------+-------+-------+-------++-------
Melee: Dagger            |     6 |    39 |   162 |    93 ||   300
 Cast: Ensorcelled Hiber |     3 |       |    32 |    27 ||    62
       Dazzling Spray    |       |    13 |    25 |     3 ||    41
       Confuse           |       |       |     3 |       ||     3
Invok: Shadow Step       |       |       |       |     5 ||     5
  Use: Potion            |       |     6 |     3 |       ||     9
       Scroll            |       |     3 |       |       ||     3
 Stab: Sleeping          |     6 |     3 |    22 |    35 ||    66
       Invisible         |       |     2 |     3 |       ||     5
       Confused          |       |       |     2 |       ||     2
  Eat: Bread ration      |       |       |     1 |       ||     1
